ESL (28 & UNDER)
PENQUANNOCK OVERRATED JETER @ KINGSTON IGUANAS
07/02/2025
 
TOP OF THE 1ST
Penquannock Overrated Jeter batting - Pitching for Kingston Iguanas : RHP Matt Nance
Pitching: RHP Matt Nance
Batting: LHB Bill McJannett 0-0: Ball
1-0: Foul Ball, location: 2F
1-1: Ball
2-1: Ball
3-1: Called Strike
3-2: SINGLE (Line Drive, 6D)
Batting: RHB Juan Costello 0-0: Foul Ball, location: 2F
0-1: Ball
1-1: Ball
2-1: Called Strike
2-2: Ball
3-2: Foul Ball, location: 2F
3-2: SINGLE (Groundball, 15S) (infield hit)
Bill McJannett to second
Batting: RHB Ignacio Flores 0-0: Swinging Strike
0-1: Ball
1-1: Foul Ball, location: 2F
1-2: Fly out, F6 (Line Drive, 6D)
Batting: RHB Tim Hanson 0-0: Ball
1-0: Swinging Strike
1-1: Fly out, F7 (Flyball, 7M)
Batting: SHB Francisco Ávila 0-0: Ball
1-0: Ball
2-0: Ball
3-0: Fielders Choice at 2nd, U4 (Groundball, 4M)
Top of the 1st over - 0 run(s), 2 hit(s), 0 error(s), 2 left on base; Penquannock 0 - Kingston 0
BOTTOM OF THE 1ST
Kingston Iguanas batting - Pitching for Penquannock Overrated Jeter : LHP Héctor Díaz
Pitching: LHP Héctor Díaz
Batting: RHB Jeff Garman 0-0: Called Strike
0-1: Foul Ball, location: 2F
0-2: Strikes out swinging
Batting: LHB Bob Greene 0-0: Ball
1-0: Fly out, F8 (Flyball, 8LXD)
Batting: SHB Pepe Piña 0-0: Ball
1-0: Foul Ball, location: 2F
1-1: Foul Ball, location: 2F
1-2: Ground out 1-3 (Groundball, 13S)
Bottom of the 1st over - 0 run(s), 0 hit(s), 0 error(s), 0 left on base; Penquannock 0 - Kingston 0
TOP OF THE 2ND
Penquannock Overrated Jeter batting - Pitching for Kingston Iguanas : RHP Matt Nance
Batting: LHB Todd Barnes 0-0: Ball
1-0: Swinging Strike
1-1: Foul Ball, location: 2F
1-2: Foul Ball, location: 2F
1-2: SINGLE (Line Drive, 5D)
Batting: RHB Bernardo Enríquez 0-0: Called Strike
0-1: Called Strike
0-2: Foul Ball, location: 2F
0-2: Ball
1-2: SINGLE (Flyball, 9S)
Todd Barnes to second
Runner from 2nd tries for 3rd, OUT!
Batting: RHB Arturo Rodríguez 0-0: Called Strike
0-1: Swinging Strike
0-2: Foul Ball, location: 2F
0-2: SINGLE (Groundball, 56D)
Bernardo Enríquez to second
Batting: RHB Armando Pagán 0-0: Ball
1-0: Called Strike
1-1: Fly out, F3 (Popup, 3S)
Batting: LHB Bill McJannett 0-0: Foul Ball, location: 2F
0-1: Foul Ball, location: 2F
0-2: Ball
1-2: Ball
Wild Pitch!
Bernardo Enríquez to third
Arturo Rodríguez to second
2-2: Ball
3-2: Foul Ball, location: 2F
3-2: Ground out 4-3 (Groundball, 34)
Top of the 2nd over - 0 run(s), 3 hit(s), 0 error(s), 2 left on base; Penquannock 0 - Kingston 0
BOTTOM OF THE 2ND
Kingston Iguanas batting - Pitching for Penquannock Overrated Jeter : LHP Héctor Díaz
Batting: RHB Luis Aguilar 0-0: Foul Ball, location: 2F
0-1: Called Strike
0-2: Foul Ball, location: 2F
0-2: Ball
1-2: Fly out, F5 (Popup, 5F)
Batting: LHB José Torres 0-0: Ball
1-0: Ball
2-0: Called Strike
2-1: Swinging Strike
2-2: Strikes out swinging
Batting: LHB Dave Gordon 0-0: Ball
1-0: Ball
2-0: Called Strike
2-1: Ground out 4-3 (Groundball, 34)
Bottom of the 2nd over - 0 run(s), 0 hit(s), 0 error(s), 0 left on base; Penquannock 0 - Kingston 0
TOP OF THE 3RD
Penquannock Overrated Jeter batting - Pitching for Kingston Iguanas : RHP Matt Nance
Batting: RHB Juan Costello 0-0: Called Strike
0-1: Called Strike
0-2: Strikes out looking
Batting: RHB Ignacio Flores 0-0: Ball
1-0: Called Strike
1-1: Ball
2-1: Foul Ball, location: 2F
2-2: Fly out, F8 (Flyball, 8LD)
Batting: RHB Tim Hanson 0-0: Ball
1-0: Ball
2-0: Ball
3-0: Base on Balls
Batting: SHB Francisco Ávila 0-0: Ball
1-0: Called Strike
Tim Hanson is caught stealing 2nd base
Top of the 3rd over - 0 run(s), 0 hit(s), 0 error(s), 0 left on base; Penquannock 0 - Kingston 0
BOTTOM OF THE 3RD
Kingston Iguanas batting - Pitching for Penquannock Overrated Jeter : LHP Héctor Díaz
Batting: RHB Geoffrey Joyner 0-0: Ground out U3 (Groundball, 3S)
Batting: RHB Ken MacDonald 0-0: Called Strike
0-1: Called Strike
0-2: Strikes out swinging
Batting: RHB Salvador Vega 0-0: Ball
1-0: Ball
2-0: Ball
3-0: Called Strike
3-1: Called Strike
3-2: Foul Ball, location: 2F
3-2: Foul Ball, location: 2F
3-2: Foul Ball, location: 2F
3-2: Strikes out swinging
Bottom of the 3rd over - 0 run(s), 0 hit(s), 0 error(s), 0 left on base; Penquannock 0 - Kingston 0
TOP OF THE 4TH
Penquannock Overrated Jeter batting - Pitching for Kingston Iguanas : RHP Matt Nance
Batting: SHB Francisco Ávila 0-0: SINGLE (Line Drive, 9LS)
Batting: LHB Todd Barnes 0-0: Called Strike
0-1: Ball
1-1: Ball
2-1: Ball
3-1: SINGLE (Line Drive, 6MD)
Francisco Ávila to second
Batting: RHB Bernardo Enríquez 0-0: Called Strike
0-1: Swinging Strike
0-2: Ball
1-2: Ball
2-2: Strikes out swinging
Batting: RHB Arturo Rodríguez 0-0: Ground out 6-3 (Groundball, 56D)
Francisco Ávila to third
Todd Barnes to second
Batting: RHB Armando Pagán 0-0: Called Strike
0-1: Ball
1-1: Called Strike
1-2: Strikes out swinging
Top of the 4th over - 0 run(s), 2 hit(s), 0 error(s), 2 left on base; Penquannock 0 - Kingston 0
BOTTOM OF THE 4TH
Kingston Iguanas batting - Pitching for Penquannock Overrated Jeter : LHP Héctor Díaz
Batting: RHB Jeff Garman 0-0: Swinging Strike
0-1: Foul Ball, location: 2F
0-2: Ball
1-2: SINGLE (Popup, 9LS)
Batting: LHB Bob Greene 0-0: Ball
1-0: Called Strike
1-1: Swinging Strike
1-2: Foul Ball, location: 2F
1-2: Ball
2-2: Ball
3-2: Foul Ball, location: 2F
3-2: Base on Balls
Jeff Garman to second
Batting: SHB Pepe Piña 0-0: Called Strike
0-1: Foul Ball, location: 2F
0-2: Strikes out looking
Batting: RHB Luis Aguilar 0-0: Called Strike
0-1: Foul Ball, location: 2F
0-2: Foul Ball, location: 2F
0-2: Foul Ball, location: 2F
0-2: Grounds into double play, 4-6-3 (Groundball, 4)
Bottom of the 4th over - 0 run(s), 1 hit(s), 0 error(s), 1 left on base; Penquannock 0 - Kingston 0
TOP OF THE 5TH
Penquannock Overrated Jeter batting - Pitching for Kingston Iguanas : RHP Matt Nance
Batting: LHB Bill McJannett 0-0: Ball
1-0: Ball
2-0: Ball
3-0: Base on Balls
Batting: RHB Juan Costello 0-0: Ball
Bill McJannett steals 2nd base
1-0: 2-RUN HOME RUN (Flyball, 8LXD), Distance : 428 ft
Batting: RHB Ignacio Flores 0-0: Fly out, F4 (Line Drive, 4MS)
Batting: RHB Tim Hanson 0-0: Foul Ball, location: 2F
0-1: Foul Ball, location: 2F
0-2: Foul Ball, location: 2F
0-2: Ball
1-2: SOLO HOME RUN (Flyball, 8LXD), Distance : 432 ft
Batting: SHB Francisco Ávila 0-0: Ball
1-0: Ball
2-0: Foul Ball, location: 2F
2-1: SINGLE (Line Drive, 8RS)
Pitching: RHP Bartolo Hernández
Batting: LHB Todd Barnes 0-0: Called Strike
0-1: Ball
1-1: SINGLE (Flyball, 9LS)
Francisco Ávila to second
Runner from 2nd tries for 3rd, SAFE, no throw or cutoff
Batting: RHB Bernardo Enríquez 0-0: Ball
1-0: Fly out, F7 (Line Drive, 7M)
Runner from 3rd tags up, SCORES, no throw
Batting: RHB Arturo Rodríguez 0-0: Ball
1-0: SINGLE (Flyball, 78M)
Todd Barnes to second
Batting: RHB Armando Pagán 0-0: Called Strike
0-1: Ball
1-1: Ball
2-1: Foul Ball, location: 2F
2-2: Foul Ball, location: 2F
2-2: Ball
3-2: Strikes out looking
Top of the 5th over - 4 run(s), 5 hit(s), 0 error(s), 2 left on base; Penquannock 4 - Kingston 0
BOTTOM OF THE 5TH
Kingston Iguanas batting - Pitching for Penquannock Overrated Jeter : LHP Héctor Díaz
Batting: LHB José Torres 0-0: Foul Ball, location: 2F
0-1: Swinging Strike
0-2: Ball
1-2: Ball
2-2: Foul Ball, location: 2F
2-2: Strikes out swinging
Batting: LHB Dave Gordon 0-0: Ball
1-0: Called Strike
1-1: Ball
2-1: Ball
3-1: Base on Balls
Batting: RHB Geoffrey Joyner 0-0: Ball
1-0: Ball
2-0: Ball
3-0: Base on Balls
Dave Gordon to second
Batting: RHB Ken MacDonald 0-0: Grounds into double play, 6-4-3 (Groundball, 6)
Bottom of the 5th over - 0 run(s), 0 hit(s), 0 error(s), 1 left on base; Penquannock 4 - Kingston 0
TOP OF THE 6TH
Penquannock Overrated Jeter batting - Pitching for Kingston Iguanas : RHP Bartolo Hernández
Batting: LHB Bill McJannett 0-0: Called Strike
0-1: Called Strike
0-2: Strikes out swinging
Batting: RHB Juan Costello 0-0: Ball
1-0: Ball
2-0: Ball
3-0: Base on Balls
Batting: RHB Ignacio Flores 0-0: Ball
1-0: Ball
2-0: Ground out 5-3 (Groundball, 56S)
Juan Costello to second
Batting: RHB Tim Hanson 0-0: Called Strike
0-1: Ground out 5-3 (Groundball, 5)
Top of the 6th over - 0 run(s), 0 hit(s), 0 error(s), 1 left on base; Penquannock 4 - Kingston 0
BOTTOM OF THE 6TH
Kingston Iguanas batting - Pitching for Penquannock Overrated Jeter : LHP Héctor Díaz
Batting: RHB Salvador Vega 0-0: Foul Ball, location: 2F
0-1: Called Strike
0-2: Ball
1-2: Fly out, F9 (Line Drive, 9S)
Batting: RHB Jeff Garman 0-0: Foul Ball, location: 2F
0-1: Hit by Pitch
Pitching: RHP Toshikuni Nishimura
Batting: LHB Bob Greene 0-0: Called Strike
0-1: Ball
1-1: Ball
Jeff Garman is caught stealing 2nd base
2-1: SINGLE (Flyball, 8LS)
Batting: SHB Pepe Piña 0-0: Swinging Strike
0-1: Ball
1-1: Ball
2-1: Foul Ball, location: 2F
2-2: Strikes out looking
Bottom of the 6th over - 0 run(s), 1 hit(s), 0 error(s), 1 left on base; Penquannock 4 - Kingston 0
TOP OF THE 7TH
Penquannock Overrated Jeter batting - Pitching for Kingston Iguanas : RHP Bartolo Hernández
Batting: SHB Francisco Ávila 0-0: Ball
1-0: Ball
2-0: Fly out, F9 (Flyball, 89M)
Pitching: RHP Danny Bates
Batting: LHB Todd Barnes 0-0: Fly out, F8 (Flyball, 8LD)
Batting: RHB Bernardo Enríquez 0-0: Ball
1-0: Foul Ball, location: 2F
1-1: Swinging Strike
1-2: Ball
2-2: Strikes out swinging
Top of the 7th over - 0 run(s), 0 hit(s), 0 error(s), 0 left on base; Penquannock 4 - Kingston 0
BOTTOM OF THE 7TH
Kingston Iguanas batting - Pitching for Penquannock Overrated Jeter : RHP Toshikuni Nishimura
Batting: RHB Luis Aguilar 0-0: Ball
1-0: Ball
2-0: Ball
3-0: Base on Balls
Batting: LHB José Torres 0-0: Ball
1-0: Ball
2-0: Ball
3-0: Called Strike
3-1: Foul Ball, location: 2F
3-2: Base on Balls
Luis Aguilar to second
Batting: LHB Dave Gordon 0-0: Ball
1-0: Swinging Strike
1-1: Foul Ball, location: 2F
1-2: Fly out, F7 (Flyball, 7LM)
Batting: RHB Geoffrey Joyner 0-0: Fielders Choice at 2nd, 1-6 (Groundball, 15S)
Luis Aguilar to third
Batting: RHB Ken MacDonald 0-0: Called Strike
0-1: Called Strike
0-2: Ball
1-2: Ball
2-2: Ball
3-2: Base on Balls
Geoffrey Joyner to second
Batting: RHB Salvador Vega 0-0: Called Strike
0-1: Ball
1-1: Foul Ball, location: 2F
1-2: Ball
2-2: SINGLE (Line Drive, 34)
Luis Aguilar scores
Geoffrey Joyner to third
Ken MacDonald to second
Pinch Hitting: LHB Zhi-huan Loong 0-0: Ball
1-0: Ball
2-0: Ball
3-0: Base on Balls
Geoffrey Joyner scores
Ken MacDonald to third
Salvador Vega to second
Batting: LHB Bob Greene 0-0: Fly out, F7 (Line Drive, 7M)
Bottom of the 7th over - 2 run(s), 1 hit(s), 0 error(s), 3 left on base; Penquannock 4 - Kingston 2
TOP OF THE 8TH
Penquannock Overrated Jeter batting - Pitching for Kingston Iguanas : RHP Danny Bates
Now in LF: Billy Anderson
Batting: RHB Arturo Rodríguez 0-0: Ground out 5-3 (Groundball, 5S)
Batting: RHB Armando Pagán 0-0: SINGLE (Groundball, 56S) (infield hit)
Batting: LHB Bill McJannett 0-0: Ball
1-0: SINGLE (Line Drive, 34)
Armando Pagán to second
Runner from 2nd tries for 3rd, SAFE, throw made to third
Bill McJannett to second
Pinch Hitting: RHB Earl Conrad 0-0: Intentional Walk
Batting: RHB Ignacio Flores 0-0: Called Strike
0-1: Ball
1-1: Foul Ball, location: 2F
1-2: Ball
2-2: Ball
3-2: Base on Balls
Armando Pagán scores
Bill McJannett to third
Earl Conrad to second
Batting: RHB Tim Hanson 0-0: SINGLE (Line Drive, 89S)
Bill McJannett scores
Earl Conrad to third
Ignacio Flores to second
Batting: SHB Francisco Ávila 0-0: Foul Ball, location: 2F
0-1: Ball
1-1: Fly out, F3 (Popup, 4MS)
Batting: LHB Todd Barnes 0-0: Foul Ball, location: 2F
0-1: Foul Ball, location: 2F
0-2: Ball
1-2: Foul Ball, location: 2F
1-2: Foul Ball, location: 2F
1-2: SINGLE (Groundball, 34D)
Earl Conrad scores
Ignacio Flores to third
Tim Hanson to second
Runner from 3rd tries for Home, SAFE, no throw or cutoff
Pitching: RHP Robert Alexander
Batting: RHB Bernardo Enríquez 0-0: Called Strike
0-1: Ground out 6-3 (Groundball, 56)
Top of the 8th over - 4 run(s), 4 hit(s), 0 error(s), 2 left on base; Penquannock 8 - Kingston 2
BOTTOM OF THE 8TH
Kingston Iguanas batting - Pitching for Penquannock Overrated Jeter : RHP Toshikuni Nishimura
Now at 3B: Alfonso Hernández
Batting: SHB Pepe Piña 0-0: Swinging Strike
0-1: Foul Ball, location: 2F
0-2: Strikes out looking
Pitching: RHP Javier González
Batting: RHB Luis Aguilar 0-0: Ball
1-0: Fly out, F4 (Line Drive, 4M)
Batting: LHB José Torres 0-0: Called Strike
0-1: Ball
1-1: Ground out 4-3 (Groundball, 4)
Bottom of the 8th over - 0 run(s), 0 hit(s), 0 error(s), 0 left on base; Penquannock 8 - Kingston 2
TOP OF THE 9TH
Penquannock Overrated Jeter batting - Pitching for Kingston Iguanas : RHP Robert Alexander
Batting: RHB Arturo Rodríguez 0-0: Called Strike
0-1: Swinging Strike
0-2: DOUBLE (Line Drive, 7M)
Batting: RHB Armando Pagán 0-0: Foul Ball, location: 2F
0-1: Ball
1-1: Foul Ball, location: 2F
1-2: DOUBLE (Line Drive, 7LM)
Arturo Rodríguez scores
Batting: LHB Bill McJannett 0-0: Called Strike
0-1: Ball
1-1: Foul Ball, location: 2F
1-2: Strikes out looking
Batting: RHB Alfonso Hernández 0-0: Called Strike
0-1: Ball
1-1: Swinging Strike
1-2: Strikes out swinging
Batting: RHB Ignacio Flores 0-0: Ball
1-0: Fly out, F3 (Popup, 3F)
Top of the 9th over - 1 run(s), 2 hit(s), 0 error(s), 1 left on base; Penquannock 9 - Kingston 2
BOTTOM OF THE 9TH
Kingston Iguanas batting - Pitching for Penquannock Overrated Jeter : RHP Javier González
Batting: LHB Dave Gordon 0-0: Fly out, F8 (Flyball, 8LS)
Batting: RHB Geoffrey Joyner 0-0: Ball
1-0: Ground out 6-3 (Groundball, 6)
Batting: RHB Ken MacDonald 0-0: Called Strike
0-1: Ball
1-1: Ball
2-1: Ball
3-1: Foul Ball, location: 2F
3-2: Fly out, F9 (Flyball, 9M)
Bottom of the 9th over - 0 run(s), 0 hit(s), 0 error(s), 0 left on base; Penquannock 9 - Kingston 2
This league is powered by Out of the Park Baseball, the baseball management simulation game for PC, Mac and Linux
Tuesday, August 2nd, 2016 - OOTP Baseball 16.8 Build 38